 Dungeon Crawl Stone Soup version 0.31-a0-984-gbfb7dba898 (webtiles) character file.

Game seed: 14597659781688341385

439 Gargoyl the Chopper (level 7, -12/66 HPs)
             Began as a Gargoyle Berserker on Nov 3, 2023.
             Was a Believer of Trog.
             Mangled by an ogre
             ... wielding a +0 giant spiked club
              (24 damage)
             ... on level 4 of the Dungeon.
             The game lasted 00:04:10 (3558 turns).

Gargoyl the Chopper (Gargoyle Berserker)            Turns: 3558, Time: 00:04:10

Health: -12/66     AC: 23    Str: 27    XL:     7   Next: 1%
Magic:  7/7        EV:  2    Int:  7    God:    Trog [**....]
Gold:   123        SH:  0    Dex: 11    Spells: 6/6 levels left

rFire   . . .        a - +0 hand axe
rCold   . . .        (no shield)
rNeg    + . .        n - melded +1 chain mail of Levity {rElec rF+ Str+3}
rPois   ∞            j - melded +0 helmet
rElec   .            (cloak currently unavailable)
rCorr   .            y - melded +0 pair of gloves
SInv    +            (boots currently unavailable)
Will    .....        (no amulet)
Stlth   +            c - ring of see invisible
HPRegen 0.31/turn    k - +6 ring of strength
MPRegen 0.10/turn

%: no passive effects
@: tree-form, on berserk cooldown, slowed, very slow
A: stationary, stasis, torment immunity, boosted hp, sickness immunity, AC +4,
negative energy resistance 1, (electricity resistance), torment resistance 1,
petrification resistance
a: Renounce Religion, Berserk, Trog's Hand


You were on level 4 of the Dungeon.
You worshipped Trog.
Trog was pleased with you.
You were a tree.
You visited 1 branch of the dungeon, and saw 4 of its levels.

You collected 123 gold pieces.

Inventory:

Hand Weapons
 a - a +0 hand axe (weapon)
 r - a +0 flail
Missiles
 m - 7 poisoned darts (quivered)
Armour
 j - a +0 helmet (melded)
 n - the +1 chain mail of Levity (melded) {rElec rF+ Str+3}
   (You acquired it on level 3 of the Dungeon)

   Str+3:     It affects your strength (+3).
   rF+:       It protects you from fire.
   rElec:     It insulates you from electricity.
 y - a +0 pair of gloves (melded)
Jewellery
 c - a ring of see invisible (left branch)
 k - a +6 ring of strength (right branch)
Wands
 s - a wand of polymorph (8)
 t - a wand of flame (7)
Scrolls
 q - a scroll of teleportation
 u - a scroll of identify
Potions
 b - 2 potions of lignification
 d - a potion of attraction {unknown}
 e - a potion of curing {unknown}
 f - a potion of heal wounds {unknown}
 g - a potion of might {unknown}
 h - 2 potions of cancellation {unknown}
 i - a potion of ambrosia {unknown}
 l - 2 potions of brilliance {unknown}
 o - 2 potions of enlightenment {unknown}
 p - a potion of mutation {unknown}


   Skills:
 + Level 4.7 Fighting
 + Level 5.4 Axes
 + Level 3.8 Armour
 + Level 2.1 Dodging
 + Level 0.4 Stealth


You had 6 spell levels left.
You didn't know any spells.
Your spell library was empty.

Dungeon Overview and Level Annotations

Branches:
Dungeon (4/15)
 Temple: D:4-7

Altars:
Okawaru
Ru
Trog
Wu Jian


Innate Abilities, Weirdness & Mutations

You are a tree.
Your roots penetrate the ground, keeping you stationary.
You cannot be teleported.
You are immune to unholy pain and torment.
Your maximum health is greatly increased.
Your equipment is partially melded.
You are immune to sickness and miasma.
((Your stone body is resilient. (AC +4)))
You are immune to poison.
You resist negative energy. (rN+)
((You are resistant to electric shocks. (rElec)))
You are resistant to unholy torment.
You are immune to petrification.


Message History

You kill the gnoll!
Trog accepts your kill.
The ogre hits you with a +0 giant spiked club.
You have reached level 7!
Unknown command.
You hit the ogre but do no damage.
The ogre hits you with a +0 giant spiked club!!
Ouch! That really hurt!
* * * LOW HITPOINT WARNING * * *
Unknown command.
You hit the ogre. Your punch misses the ogre.
The ogre is lightly wounded.
You feel the effects of Trog's Hand fading.
The ogre hits you but does no damage.
You hit the ogre.
The ogre is lightly wounded.
The ogre hits you but does no damage.
You turn into a tree.
Your +0 helmet melds into your body.
Your +0 pair of gloves melds into your body.
The +1 chain mail of Levity {rElec rF+ Str+3} melds into your body.
Your roots penetrate the ground.
The ogre hits you but does no damage.
Unknown command.
You hit the ogre.
The ogre is moderately wounded.
Your skin stops crawling.
You feel less strong-willed.
The ogre hits you with a +0 giant spiked club.
* * * LOW HITPOINT WARNING * * *
Unknown command.
You hit the ogre.
The ogre is heavily wounded.
The ogre hits you but does no damage.
Unknown command.
You hit the ogre but do no damage.
The ogre is heavily wounded.
The ogre hits you but does no damage.
Unknown command.
You hit the ogre.
The ogre is heavily wounded.
The ogre hits you with a +0 giant spiked club!!
You die...

######### ##.......
...<....###########
........O♣........#
##.####.#########.#
#..# #.# #.# #..#
#g# #.# ###..# #.#
#.# #..... #g# #.#
#.#..# #.# #.#
#.#..# #.# #.#
#.#..########
#.########


You could see an ogre.

Vanquished Creatures
  A jelly (D:4)
  2 hounds (D:4)
  An orc priest (D:4)
  An iguana (D:4)
  Ijyb (D:3)
  Terence (D:2)
  Natasha (thrice) (D:4)
  Robin (D:2)
  4 adders (D:2)
  3 gnolls (D:4)
  2 dart slugs
  A worm (D:2)
  2 orcs (D:4)
  2 ball pythons
  2 bats
  10 endoplasms
  5 giant cockroaches
  17 goblins
  13 hobgoblins
  5 kobolds
  5 quokkas
  4 frilled lizards
  2 rats
88 creatures vanquished.

Notes
Turn   | Place    | Note
-------+----------+-------------------------------------------
     0 | D:1      | Gargoyl the Gargoyle Berserker began the quest for the Orb.
     0 | D:1      | Reached XP level 1. HP: 14/14 MP: 1/1
    92 | D:1      | Reached XP level 2. HP: 15/19 MP: 2/2
   212 | D:1      | Reached skill level 3 in Axes
   640 | D:1      | Found a faded altar of an unknown god.
   845 | D:2      | Reached XP level 3. HP: 14/24 MP: 3/3
   927 | D:2      | Found an ornate altar of the Wu Jian Council.
  1087 | D:2      | Noticed Robin
  1112 | D:2      | Killed Robin
  1112 | D:2      | Reached ** piety under Trog
  1113 | D:2      | Reached XP level 4. HP: 16/29 MP: 4/4
  1207 | D:2      | Identified the +1 leather armour of Wu Jian's Esteem {Str+4
                  | Stlth+}
  1429 | D:2      | Reached skill level 4 in Axes
  1561 | D:2      | Noticed Terence
  1566 | D:2      | Killed Terence
  1567 | D:2      | Reached XP level 5. HP: 33/33 MP: 5/5
  2026 | D:3      | Identified a scroll of acquirement
  2026 | D:3      | Acquired the +1 chain mail of Levity {rElec rF+ Str+3}
  2042 | D:3      | Found an iron altar of Okawaru.
  2399 | D:3      | Found a bloodstained altar of Trog.
  2400 | D:3      | Found a sacrificial altar of Ru.
  2615 | D:3      | Noticed Ijyb
  2623 | D:3      | Killed Ijyb
  2934 | D:4      | Noticed Natasha
  2943 | D:4      | Killed Natasha
  2944 | D:4      | Reached XP level 6. HP: 39/39 MP: 6/6
  2954 | D:4      | Noticed Natasha
  2968 | D:4      | Killed Natasha
  3097 | D:4      | Noticed Natasha
  3107 | D:4      | Reached skill level 5 in Axes
  3109 | D:4      | Killed Natasha
  3414 | D:4      | Reached *** piety under Trog
  3551 | D:4      | Reached XP level 7. HP: 33/44 MP: 7/7
  3558 | D:4      | Mangled by an ogre

Illustrated notes

Levels and vault maps discovered:
D:1:      mrwooster_arrival_arrow, layout_basic,
          dilly_ecumenical_altar_fadedgnrine, glass_columns_c,
          chequers_serial_rivers_micro_e
D:2:      layout_basic, basic_altar, minmay_circle_x, uniq_robin, uniq_terence
D:3:      layout_basic, nicolae_overflow_squiral,
          mainiacjoe_overflow_surrounded_room, minivault_24,
          minmay_misc_feat_cross, uniq_ijyb
D:4:      layout_loops_ring, uniq_natasha

Skill      XL: |  1  2  3  4  5  6 |
---------------+-------------------+-----
Axes           | 3 4 5 |  5.4
Fighting       | 4 |  4.7
Dodging        | 2 |  2.1
Armour         | 3 |  3.8
Stealth        | |  0.4

Action                     |  1- 3 |  4- 6 |  7- 9 || total
---------------------------+-------+-------+-------++-------
  Melee: Hand axe          |    86 |   195 |     7 ||   288
         Punch             |       |     2 |       ||     2
 Invoke: Berserk           |     2 |     3 |       ||     5
         Trog's Hand       |       |     2 |       ||     2
    Use: Scroll            |     3 |     7 |       ||    10
         Potion            |     1 |       |     1 ||     2
 Armour: Animal skin       |    33 |       |       ||    33
         Ring mail         |    48 |    25 |       ||    73
         Skin              |    15 |    26 |     5 ||    46
         Chain mail        |       |    86 |     3 ||    89
  Dodge: Dodged            |    61 |    86 |       ||   147

Table legend: (Time is in decaauts)
 A = Elapsed time spent in this place.
 B = Non-inter-level travel time spent in this place.
 C = Inter-level travel time spent in this place.
 D = Time resting spent in this place.
 E = Time spent auto-exploring this place.
 F = Levels seen in this place.
 G = Mean time per level.
                   A        B        C        D        E       F      G
               +--------+--------+--------+--------+--------+-----+--------+
         Total |   3628 |   3541 |     87 |    136 |   2584 |   4 |  907.0 |
       Dungeon |   3628 |   3541 |     87 |    136 |   2584 |   4 |  907.0 |
               +--------+--------+--------+--------+--------+-----+--------+

Top non-repeatable levels by time:
     D:2: 1197 daAuts
     D:3: 912 daAuts
     D:1: 821 daAuts
     D:4: 696 daAuts
